 Dungeon Crawl Stone Soup version 0.30.0 (webtiles) character file.

Game seed: 8830514263299438337

2016 jagoly the Geomancer (level 9, 0/74 (75) HPs)
             Began as a Meteoran Earth Elementalist on May 9, 2023.
             Was an Initiate of Sif Muna.
             Succumbed to a water moccasin's poison
             ... on level 9 of the Dungeon.
             The game lasted 00:27:15 (1600 turns).

jagoly the Geomancer (Meteoran Earth Elementalist)  Turns: 1600, Time: 00:27:16

HP:   0/74 (75)     AC:  2    Str: 10    XL:     9   Next: 74%
MP:   8/16          EV: 14    Int: 21    God:    Sif Muna [......]
Gold: 170           SH:  0    Dex: 15    Spells: 6/16 levels left

rFire   + . .        a - +0 sling
rCold   . . .        (no shield)
rNeg    . . .        k - +0 robe
rPois   .            (no helmet)
rElec   .            (no cloak)
rCorr   .            (no gloves)
SInv    .            (no boots)
Will    +....        (no amulet)
Stlth   +            (no ring)
HPRegen 0.32/turn    (no ring)
MPRegen 0.15/turn

%: no passive effects
@: lethally poisoned (0 -> -15), very slightly contaminated, glowing, lightly
drained
A: sense surroundings 2, otherworldly, glowing, explore regen, fire resistance 1
a: Renounce Religion


You were on level 9 of the Dungeon.
You worshipped Sif Muna.
Sif Muna was noncommittal.
You visited 2 branches of the dungeon, and saw 10 of its levels.

You collected 247 gold pieces.
You spent 77 gold pieces at shops.

Inventory:

Hand Weapons
 a - a +0 sling (weapon)
 b - a +4 dagger
Missiles
 c - 24 stones
Armour
 k - a +0 robe (worn)
 t - a +0 tower shield
Wands
 v - a wand of iceblast (7)
Scrolls
 f - 3 scrolls of teleportation
 h - 3 scrolls of fear
 i - a scroll of poison {unknown}
 l - 3 scrolls of immolation
 m - 2 scrolls of blinking {unknown}
 n - a scroll of enchant weapon {unknown}
 p - a scroll of magic mapping {unknown}
 q - a scroll of amnesia {unknown}
 u - a scroll of vulnerability {unknown}
Potions
 g - a potion of mutation
 j - 2 potions of heal wounds {unknown}
 o - 2 potions of haste {unknown}
 r - a potion of invisibility {unknown}
 s - a potion of brilliance {unknown}


   Skills:
 - Level 6.0 Fighting
 + Level 5.7 Dodging
 - Level 2.0 Stealth
 - Level 4.0 Spellcasting
 - Level 6.0 Conjurations
 + Level 5.0 Transmutations
 - Level 8.0 Earth Magic


You had 6 spell levels left.
You knew the following spells:

 Your Spells              Type           Power      Damage    Failure   Level
a - Sandblast             Erth           74%        2d16      1%          1
c - Stone Arrow           Conj/Erth      66%        3d11      1%          3
p - Petrify               Tmut/Erth      31%        N/A       9%          4
w - Passwall              Tmut/Erth      25%        N/A       1%          2

Your spell library contained the following spells:

 Spells                   Type           Power      Damage    Failure   Level
 Static Discharge         Conj/Air       32%        2-4/arc   5%          2
 Cigotuvi's Dreadful Rot  Necr/Pois/Air  8%         N/A       19%         2
 Lesser Beckoning         Tloc           8%         N/A       19%         2
 Ignite Poison            Fire/Tmut/Pois 11%        N/A       19%         3
 Gell's Gravitas          Tloc           4%         N/A       34%         3
 Teleport Other           Tloc           4%         N/A       34%         3
 Airstrike                Air            2%         2d(1-17)  75%         4
 Summon Lightning Spire   Summ/Air       4%         N/A       75%         4
 Freezing Cloud           Conj/Ice/Air   6%         6-21      82%         5


Dungeon Overview and Level Annotations

Branches:
Dungeon (9/15) Zot: 3823   Temple (1/1) D:7 Zot: 502
   Lair: D:8-11         Orc: D:9-12

Altars:
Dithmenos
Gozag
Nemelex Xobeh
Okawaru
Ru
Sif Muna
Trog
Uskayaw
Vehumet
Wu Jian
Xom
Yredelemnul
The Shining One

Shops:
D:5 ??   D:7 *

Annotations:
D:4 3 runed translucent doors, PurpleRed's ghost, amateur DETm
D:5 exclusion: iguana


Innate Abilities, Weirdness & Mutations

You passively map the area around you.
You are easily found by Zot.
You glow in the dark.
You regain HP and MP as you explore.
Your flesh is heat resistant. (rF+)


Message History

The blast of sand hits the bullfrog!
The bullfrog is severely wounded.
The orc shouts!
You hear a shout! x3
Cast which spell? (? or * to list)
Aiming: Sandblast (safe; 1% risk of failure)
Press: ? - help, Shift-Dir - straight line, f/p - bullfrog
Aim: a bullfrog (severely wounded, 80% to hit)
The blast of sand hits the bullfrog!
You kill the bullfrog!
Sif Muna accepts your kill.
You hear a shout!
Cast which spell? (? or * to list)
Aiming: Sandblast (safe; 1% risk of failure)
Press: ? - help, Shift-Dir - straight line, f - orc
Aim: an orc, wielding a +0 dagger (84% to hit)
The blast of sand misses the orc.
Cast which spell? (? or * to list)
Aiming: Sandblast (safe; 1% risk of failure)
Press: ? - help, Shift-Dir - straight line, f/p - orc
Aim: an orc, wielding a +0 dagger (84% to hit)
The blast of sand hits the orc!
You kill the orc!
Sif Muna accepts your kill.
An orc comes into view. It is wielding a +0 short sword.
Cast which spell? (? or * to list)
Aiming: Sandblast (safe; 1% risk of failure)
Press: ? - help, Shift-Dir - straight line, f - orc
Aim: an orc, wielding a +0 short sword and wearing a +0 leather armour (84% to hit)
The blast of sand hits the orc.
The orc is moderately wounded.
Cast which spell? (? or * to list)
Aiming: Sandblast (safe; 1% risk of failure)
Press: ? - help, Shift-Dir - straight line, f/p - orc
Aim: an orc, wielding a +0 short sword and wearing a +0 leather armour (moderately wounded, 84% to hit)
The blast of sand hits the orc!
You kill the orc!
Sif Muna accepts your kill.
An orc priest comes into view. It is wielding a +0 mace.
The orc priest shouts!
You see here a +0 dagger.
An orc comes into view. It is wielding a +0 short sword.
Things that are here:
a +0 short sword; a +0 leather armour Cast which spell? (? or * to list)
Aiming: Sandblast (safe; 1% risk of failure)
Press: ? - help, Shift-Dir - straight line, f - orc priest
Aim: an orc priest, wielding a +0 mace and wearing a +0 chain mail (88% to hit)
The blast of sand hits the orc priest.
The orc priest is moderately wounded.
Cast which spell? (? or * to list)
Aiming: Sandblast (safe; 1% risk of failure)
Press: ? - help, Shift-Dir - straight line, f/p - orc priest
Aim: an orc priest, wielding a +0 mace and wearing a +0 chain mail (moderately wounded, 88% to hit)
The blast of sand hits the orc!
You kill the orc!
Sif Muna accepts your kill.
An orc comes into view. It is wielding a +0 trident.
Cast which spell? (? or * to list)
Aiming: Sandblast (safe; 1% risk of failure)
Press: ? - help, Shift-Dir - straight line, f - orc, p - orc priest
Aim: an orc, wielding a +0 trident and wearing a +0 ring mail (wandering, hasn't noticed you, 86% to hit)
The blast of sand hits the orc priest but does no damage.
The orc priest is moderately wounded.
The orc shouts!
The orc priest closely misses you.
Cast which spell? (? or * to list)
Aiming: Sandblast (safe; 1% risk of failure)
Press: ? - help, Shift-Dir - straight line, f/p - orc
Aim: an orc, wielding a +0 trident and wearing a +0 ring mail (86% to hit)
The blast of sand hits the orc priest but does no damage.
The orc priest is moderately wounded.
The orc priest hits you with a +0 mace. x2
The orc hits you from afar with a +0 trident.
Cast which spell? (? or * to list)
Aiming: Sandblast (safe; 1% risk of failure)
Press: ? - help, Shift-Dir - straight line, f/p - orc
Aim: an orc, wielding a +0 trident and wearing a +0 ring mail (86% to hit)
The blast of sand hits the orc priest.
The orc priest is severely wounded.
The orc hits you from afar with a +0 trident!
The orc priest invokes the aid of Beogh against you.
Beogh smites you!
Cast which spell? (? or * to list)
Aiming: Sandblast (safe; 1% risk of failure)
Press: ? - help, Shift-Dir - straight line, f/p - orc
Aim: an orc, wielding a +0 trident and wearing a +0 ring mail (86% to hit)
The blast of sand hits the orc priest!
You kill the orc priest!
Sif Muna accepts your kill.
The orc hits you from afar with a +0 trident.
The orc hits you but does no damage.
Cast which spell? (? or * to list)
Aiming: Sandblast (safe; 1% risk of failure)
Press: ? - help, Shift-Dir - straight line, f/p - orc
Aim: an orc, wielding a +0 trident and wearing a +0 ring mail (86% to hit)
The blast of sand hits the orc!
You kill the orc!
Sif Muna accepts your kill.
Things that are here:
a +0 mace; a +0 chain mail
Items here: )) [ ††.
Found 11 gold pieces.
Found 18 gold pieces.
You now have 125 gold pieces (gained 11).
You now have 143 gold pieces (gained 18).
A hornet comes into view.
The hornet buzzes angrily.
Okay, then.
Fire: a) +0 sling
Press: ? - help, Q - select action, (/) - cycle Shift-Dir - straight line, f - hornet
Aim: a hornet (lava, 39% to hit)
You shoot a sling bullet. The sling bullet hits the hornet.
The hornet is lightly wounded.
Cast which spell? (? or * to list)
Aiming: Sandblast (safe; 1% risk of failure)
Press: ? - help, Shift-Dir - straight line, f/p - hornet
Aim: a hornet (water, lightly wounded, 76% to hit)
The blast of sand misses the hornet.
Cast which spell? (? or * to list)
Aiming: Stone Arrow (dangerous; 3% risk of failure)
Press: ? - help, Shift-Dir - straight line, f/p - hornet
Aim: a hornet (lightly wounded, 57% to hit)
The stone arrow hits the hornet!
The hornet is moderately wounded.
The hornet closely misses you.
Cast which spell? (? or * to list)
Aiming: Stone Arrow (dangerous; 3% risk of failure)
Press: ? - help, Shift-Dir - straight line, f/p - hornet
Aim: a hornet (moderately wounded, 57% to hit)
The stone arrow hits the hornet!
The hornet is severely wounded.
The hornet completely misses you. The hornet stings you!
You feel yourself slow down.
Cast which spell? (? or * to list)
Aiming: Stone Arrow (dangerous; 3% risk of failure)
Press: ? - help, Shift-Dir - straight line, f/p - hornet
Aim: a hornet (severely wounded, 57% to hit)
The stone arrow hits the hornet!
You kill the hornet!
Sif Muna accepts your kill.
Training target 4.0 for Fighting reached!
Training target 4.0 for Dodging reached!
Training target 6.0 for Conjurations reached!
Your Fighting skill increases to level 4!
Your Dodging skill increases to level 4!
Your Conjurations skill increases to level 6!
Your Transmutations skill increases to level 3!
You have reached level 9!
Your experience leads to an increase in your attributes!
Increase (S)trength, (I)ntelligence, or (D)exterity?
You feel clever. x2; You feel stronger.
Your attunement to dungeon structure grows.
Found an iron altar of Okawaru.
You feel yourself speed up.
Found a stone staircase leading down.
There is a stone staircase leading down here.
There is a stone staircase leading down here.
You climb downwards.
Found 12 gold pieces.
Found an escape hatch in the ceiling.
There is a stone staircase leading up here.
Found a tower shield.
You now have 155 gold pieces (gained 12).
There is an escape hatch in the ceiling here.
Found a scroll labelled CENAENW DYMP.
A yak comes into view.
The yak bellows!
A yak comes into view.
A wight comes into view. It is wielding a +0 long sword.
You see here a +0 tower shield.
t - a +0 tower shield The yak bellows!
A yak comes into view.
A wight comes into view. It is wielding a +5 flail.
A yak comes into view.
Cast which spell? (? or * to list)
Okay, then.
Fire: a) +0 sling
Press: ? - help, Q - select action, (/) - cycle Shift-Dir - straight line, f - yak
Aim: a yak (69% to hit)
You shoot a sling bullet. The yak bellows!
The yak bellows!
The sling bullet hits the yak.
The yak is lightly wounded.
A yak comes into view.
A wight comes into view. It is wielding a +0 short sword.
Cast which spell? (? or * to list)
Aiming: Stone Arrow (mildly dangerous; 2% risk of failure)
Press: ? - help, Shift-Dir - straight line, f/p - yak
Aim: a yak (lightly wounded, 84% to hit)
The stone arrow hits the yak!!
The yak is severely wounded.
Cast which spell? (? or * to list)
Aiming: Stone Arrow (mildly dangerous; 2% risk of failure)
Press: ? - help, Shift-Dir - straight line, f/p - yak
Aim: a yak (severely wounded, 84% to hit)
The stone arrow hits the yak!
You kill the yak!
Sif Muna accepts your kill.
Cast which spell? (? or * to list)
Aiming: Stone Arrow (safe; 1% risk of failure)
Press: ? - help, Shift-Dir - straight line, f - wight
Aim: a wight, wielding a +0 long sword and wearing a +0 robe (74% to hit)
The stone arrow hits the wight!
The wight is almost destroyed.
There is an escape hatch in the ceiling here.
Cast which spell? (? or * to list)
Aiming: Stone Arrow (safe; 1% risk of failure)
Press: ? - help, Shift-Dir - straight line, f/p - wight
Aim: a wight, wielding a +0 long sword and wearing a +0 robe (almost destroyed, 74% to hit)
The stone arrow hits the yak!
The yak is moderately wounded.
Cast which spell? (? or * to list)
Aiming: Stone Arrow (safe; 1% risk of failure)
Press: ? - help, Shift-Dir - straight line, f/p - wight
Aim: a wight, wielding a +0 long sword and wearing a +0 robe (almost destroyed, 74% to hit)
The stone arrow hits the wight!!
You destroy the wight!
Sif Muna accepts your kill. The yak gores you but does no damage.
Cast which spell? (? or * to list)
You don't have enough magic to cast this spell.
Unknown command.
A mysterious force pulls you upwards. The hatch slams shut behind you.
Found a scroll labelled ASCHIECA DUYMN.
u - a scroll labelled ASCHIECA DUYMN
Found 15 gold pieces.
Found a fluorescent wand.
You now have 170 gold pieces (gained 15).
Okay, then.
v - a wand of iceblast (7)
A lemure comes into view.
A lemure is nearby!
Cast which spell? (? or * to list)
Aiming: Sandblast (safe; 1% risk of failure)
Press: ? - help, Shift-Dir - straight line, f - lemure
Aim: a lemure (80% to hit)
The blast of sand hits the lemure!
The lemure is heavily wounded.
Cast which spell? (? or * to list)
Aiming: Sandblast (safe; 1% risk of failure)
Press: ? - help, Shift-Dir - straight line, f/p - lemure
Aim: a lemure (heavily wounded, 80% to hit)
The blast of sand hits the lemure!
You kill the lemure!
That felt strangely unrewarding.
Pikel and 3 lemures come into view.
Pikel is wielding a +0 whip of freezing.
Pikel shouts!
The lemure shouts! x2
The lemure attacks as you move away! The lemure hits you.
Cast which spell? (? or * to list)
Aiming: Sandblast (safe; 1% risk of failure)
Press: ? - help, Shift-Dir - straight line, f - lemure
Aim: a lemure (80% to hit)
The blast of sand hits the lemure!!
The lemure is severely wounded.
The lemure completely misses you.
Cast which spell? (? or * to list)
Aiming: Sandblast (safe; 1% risk of failure)
Press: ? - help, Shift-Dir - straight line, f/p - lemure
Aim: a lemure (severely wounded, 80% to hit)
The blast of sand hits the lemure!!
You kill the lemure!
That felt strangely unrewarding.
Press: ? - help, v - describe, . - travel
Here: Pikel, wielding a +0 whip of freezing and wearing a +0 robe The floor.
Pikel waves his whip at you.
Pikel says, "You'll freeze in Cocytus!"
Cast which spell? (? or * to list)
Aiming: Stone Arrow (safe; 1% risk of failure)
Press: ? - help, Shift-Dir - straight line, f - Pikel
Aim: Pikel, wielding a +0 whip of freezing and wearing a +0 robe (67% to hit)
The stone arrow hits Pikel!!
Pikel is heavily wounded.
Cast which spell? (? or * to list)
Aiming: Stone Arrow (safe; 1% risk of failure)
Press: ? - help, Shift-Dir - straight line, f/p - Pikel
Aim: Pikel, wielding a +0 whip of freezing and wearing a +0 robe (heavily wounded, 67% to hit)
The stone arrow hits Pikel!!
You kill Pikel!
Sif Muna accepts your kill.
With Pikel's spell broken, his former minions thank you for their freedom.
The lemure departs this earthly plane. x2
Training target 8.0 for Earth Magic reached!
Your Fighting skill increases to level 5!
Your Dodging skill increases to level 5!
Your Transmutations skill increases to level 4!
Your Earth Magic skill increases to level 8!
Things that are here:
a +0 whip of freezing; a +0 robe
Found a stone staircase leading down.
There is a stone staircase leading down here.
You climb downwards.
Magic restored.
There is a stone staircase leading up here.
This spell is dangerous to cast!
Memorise Petrify, consuming 4 spell levels and leaving 6?
You start memorising the spell.
You continue memorising. x4
You finish memorising.
Spell assigned to 'b'.
Adjust (i)tems, (s)pells, or (a)bilities?
Adjust which spell? b - Petrify Adjust to which letter? p - Petrify You open the door.
There is an open door here. 2 howler monkeys come into view.
The howler monkey howls!
The howler monkey howls!
The howler monkey hoots and howls with incredible vigour!
You hear a bellow! x3
Cast which spell? (? or * to list)
Aiming: Sandblast (safe; 1% risk of failure)
Press: ? - help, Shift-Dir - straight line, f - howler monkey
Aim: a howler monkey (catching its breath, 82% to hit)
The blast of sand misses the howler monkey.
The blast of sand hits the howler monkey!!
The howler monkey is almost dead.
The howler monkey misses you.
Cast which spell? (? or * to list)
Aiming: Sandblast (safe; 1% risk of failure)
Press: ? - help, Shift-Dir - straight line, f/p - howler monkey
Aim: a howler monkey (catching its breath, 82% to hit)
The blast of sand hits the howler monkey!!
You kill the howler monkey!
Sif Muna accepts your kill.
Cast which spell? (? or * to list)
Aiming: Sandblast (safe; 1% risk of failure)
Press: ? - help, Shift-Dir - straight line, f/p - howler monkey
Aim: a howler monkey (catching its breath, 82% to hit)
The blast of sand hits the howler monkey!!
The howler monkey is almost dead.
The howler monkey barely misses you.
The howler monkey hoots and howls with incredible vigour!
You hear an angry hiss.
Cast which spell? (? or * to list)
Aiming: Sandblast (safe; 1% risk of failure)
Press: ? - help, Shift-Dir - straight line, f/p - howler monkey
Aim: a howler monkey (almost dead, catching its breath, 82% to hit)
The blast of sand hits the howler monkey!
You kill the howler monkey!
Sif Muna accepts your kill.
Things that are here:
a howler monkey corpse; a howler monkey corpse You open the door.
There is an open door here.
Cast which spell? (? or * to list)
Aiming: Sandblast (safe; 1% risk of failure)
Press: ? - help, Shift-Dir - straight line, f - wight
Aim: a wight, wielding a +5 flail and wearing a +0 robe (84% to hit)
The blast of sand hits the wight but does no damage.
Cast which spell? (? or * to list)
Aiming: Stone Arrow (safe; 1% risk of failure)
Press: ? - help, Shift-Dir - straight line, f/p - wight
Aim: a wight, wielding a +5 flail and wearing a +0 robe (74% to hit)
The stone arrow misses the wight.
The wight hits you with a +5 flail!!
You feel drained.
Cast which spell? (? or * to list)
Aiming: Stone Arrow (safe; 1% risk of failure)
Press: ? - help, Shift-Dir - straight line, f/p - wight
Aim: a wight, wielding a +5 flail and wearing a +0 robe (74% to hit)
Okay, then.
Cast which spell? (? or * to list)
Aiming: Stone Arrow (safe; 1% risk of failure)
Press: ? - help, Shift-Dir - straight line, f/p - wight
Aim: a wight, wielding a +5 flail and wearing a +0 robe (74% to hit)
The stone arrow hits the wight.
The wight is moderately damaged.
The wight hits you with a +5 flail!
You feel drained.
Cast which spell? (? or * to list)
Aiming: Stone Arrow (safe; 1% risk of failure)
Press: ? - help, Shift-Dir - straight line, f/p - wight
Aim: a wight, wielding a +5 flail and wearing a +0 robe (moderately damaged, 74% to hit)
The stone arrow hits the wight!
You destroy the wight!
Sif Muna accepts your kill.
Cast which spell? (? or * to list)
Aiming: Stone Arrow (safe; 1% risk of failure)
Press: ? - help, Shift-Dir - straight line, f - wight
Aim: a wight, wielding a +0 short sword and wearing a +0 robe (74% to hit)
The stone arrow hits the wight!
The wight is almost destroyed.
The wight hits you with a +0 short sword!
* * * LOW HITPOINT WARNING * * *
Cast which spell? (? or * to list)
Aiming: Stone Arrow (safe; 1% risk of failure)
Press: ? - help, Shift-Dir - straight line, f/p - wight
Aim: a wight, wielding a +0 short sword and wearing a +0 robe (almost destroyed, 74% to hit)
The stone arrow hits the wight!!
You destroy the wight!
Sif Muna accepts your kill.
Training target 6.0 for Fighting reached!
Your Fighting skill increases to level 6!
Your Transmutations skill increases to level 5!
There is an open door, spattered with blood here.
Items here: )) [[.
Okay, then.
m - 2 scrolls labelled CENAENW DYMP (gained 1)
You open the door.
A water moccasin comes into view.
The water moccasin moves out of view.
There is an open door here.
Cast which spell? (? or * to list)
Aiming: Stone Arrow (safe; 1% risk of failure)
Press: ? - help, Shift-Dir - straight line, f - water moccasin
Aim: a water moccasin (57% to hit)
The stone arrow misses the water moccasin.
Cast which spell? (? or * to list)
Aiming: Stone Arrow (safe; 1% risk of failure)
Press: ? - help, Shift-Dir - straight line, f/p - water moccasin
Aim: a water moccasin (57% to hit)
Okay, then.
Cast which spell? (? or * to list)
Aiming: Sandblast (safe; 1% risk of failure)
Press: ? - help, Shift-Dir - straight line, f/p - water moccasin
Aim: a water moccasin (73% to hit)
The blast of sand hits the water moccasin!
The water moccasin is moderately wounded.
The water moccasin bites you! The water moccasin closely misses you.
Cast which spell? (? or * to list)
Aiming: Sandblast (safe; 1% risk of failure)
Press: ? - help, Shift-Dir - straight line, f/p - water moccasin
Aim: a water moccasin (moderately wounded, 73% to hit)
The blast of sand hits the water moccasin.
The water moccasin is heavily wounded.
The water moccasin bites you!
* * * LOW HITPOINT WARNING * * *
You are poisoned.
The water moccasin poisons you! The water moccasin bites you.
* * * LOW HITPOINT WARNING * * *
The water moccasin bites you.
* * * LOW HITPOINT WARNING * * *
Cast which spell? (? or * to list)
Aiming: Sandblast (safe; 1% risk of failure)
Press: ? - help, Shift-Dir - straight line, f/p - water moccasin
Aim: a water moccasin (heavily wounded, 73% to hit)
Okay, then.
You feel better. The water moccasin bites you!
* * * LOW HITPOINT WARNING * * *
Cast which spell? (? or * to list)
Aiming: Sandblast (safe; 1% risk of failure)
Press: ? - help, Shift-Dir - straight line, f/p - water moccasin
Aim: a water moccasin (heavily wounded, 73% to hit)
The blast of sand misses the water moccasin.
* * * LOW MAGIC WARNING * * *
The water moccasin bites you!
* * * LOW HITPOINT WARNING * * *
You are poisoned.
The water moccasin poisons you! The water moccasin barely misses you.
Cast which spell? (? or * to list)
Aiming: Sandblast (safe; 1% risk of failure)
Press: ? - help, Shift-Dir - straight line, f/p - water moccasin
Aim: a water moccasin (moderately wounded, 73% to hit)
Okay, then.
You feel better. The water moccasin bites you!
* * * LOW HITPOINT WARNING * * *
Cast which spell? (? or * to list)
Aiming: Sandblast (safe; 1% risk of failure)
Press: ? - help, Shift-Dir - straight line, f/p - water moccasin
Aim: a water moccasin (moderately wounded, 73% to hit)
The blast of sand misses the water moccasin.
* * * LOW MAGIC WARNING * * *
The water moccasin misses you. The water moccasin closely misses you.
The water moccasin bites you!
* * * LOW HITPOINT WARNING * * *
Unknown command.
Okay, then.
Magic courses through your body. The water moccasin closely misses you.
Cast which spell? (? or * to list)
Aiming: Stone Arrow (safe; 1% risk of failure)
Press: ? - help, Shift-Dir - straight line, f/p - water moccasin
Aim: a water moccasin (moderately wounded, 57% to hit)
You miscast Stone Arrow.
You are very lightly contaminated with residual magic.
Nothing appears to happen.
The water moccasin barely misses you.
Cast which spell? (? or * to list)
Aiming: Stone Arrow (safe; 1% risk of failure)
Press: ? - help, Shift-Dir - straight line, f/p - water moccasin
Aim: a water moccasin (moderately wounded, 57% to hit)
The stone arrow misses the water moccasin.
The water moccasin bites you.
* * * LOW HITPOINT WARNING * * *
The water moccasin bites you!
* * * LOW HITPOINT WARNING * * *
You are lethally poisoned!
The water moccasin poisons you!
You feel better. The water moccasin bites you.
* * * LOW HITPOINT WARNING * * *
Cast which spell? (? or * to list)
Aiming: Stone Arrow (safe; 1% risk of failure)
Press: ? - help, Shift-Dir - straight line, f/p - water moccasin
Aim: a water moccasin (moderately wounded, 57% to hit)
The stone arrow misses the water moccasin.
The water moccasin bites you.
* * * LOW HITPOINT WARNING * * *
You are lethally poisoned!
The water moccasin poisons you! The water moccasin barely misses you.
It was a potion of mutation.
You feel extremely strange.
You feel resistant to heat.
You die...

* * * * *, *, .## #. ..#* *
... , * ... .... , *
*..####..# , , , ,, #..##..#
,,, * * , _ #..##..# ^*
,##..##..# * *, #.S@##+, *,
, **#....#..# * **
......##..# * ** ###*....##
##.####,,,, * *
#..#########.....####### ##
#......##..)...........# #<
#......##.##...........####.
#..<...##†##...........[....
#......##.##...........#Y<..


You could see a water moccasin.

Vanquished Creatures
  Pikel (D:8)
  A hornet (D:8)
  A yak (D:9)
  An orc warrior (D:8)
  An ice beast (D:6)
  2 sky beasts (D:7)
  An ogre (D:5)
  2 lemures (D:8)
  A bullfrog (D:8)
  2 scorpions
  3 wights (D:9)
  3 howler monkeys
  4 orc priests
  A sleepcap (D:4)
  2 orc wizards (D:7)
  A hound zombie (D:4)
  4 adders (D:6)
  An ufetubus (D:4)
  An adder zombie (D:4)
  A worm (D:2)
  A dart slug (D:1)
  16 orcs
  4 endoplasms (D:1)
  4 goblins
  6 hobgoblins
  A kobold (D:2)
  A quokka (D:1)
  A ball python (D:1)
  2 frilled lizards (D:1)
  2 rats
72 creatures vanquished.

Notes
Turn   | Place    | Note
-------+----------+-------------------------------------------
     0 | D:1      | jagoly the Meteoran Earth Elementalist began the quest for
                  | the Orb.
     0 | D:1      | Reached XP level 1. HP: 14/14 MP: 5/5
    65 | D:1      | Reached XP level 2. HP: 14/20 MP: 3/6
   154 | D:1      | Reached skill level 4 in Earth Magic
   211 | D:1      | Reached XP level 3. HP: 26/26 MP: 6/8
   443 | D:2      | Found a faded altar of an unknown god.
   447 | D:2      | Prayed at the altar of an unknown god.
   447 | D:2      | Became a worshipper of Ru the Awakened
   491 | D:4      | Found a runed translucent gate.
   491 | D:4      | Found a runed translucent gate.
   491 | D:4      | Found a runed translucent gate.
   491 | D:4      | Noticed PurpleRed's ghost (amateur DETm)
   493 | D:4      | Found a basalt altar of Yredelemnul.
   497 | D:4      | Reached XP level 4. HP: 33/33 MP: 6/10
   563 | D:4      | Reached skill level 5 in Earth Magic
   563 | D:4      | Reached XP level 5. HP: 15/38 MP: 5/12
   622 | D:4      | You fall into a shaft and drop 1 floor!
   622 | D:5      | Entered Level 5 of the Dungeon
   622 | D:5      | Found Daner's Magic Scroll Emporium.
   630 | D:5      | Bought a scroll of identify for 22 gold pieces
   630 | D:5      | Bought a scroll of fear for 44 gold pieces
   630 | D:5      | Bought a scroll of noise for 11 gold pieces
   640 | D:5      | Noticed an ogre
   643 | D:5      | Killed an ogre
   644 | D:5      | Reached skill level 6 in Earth Magic
   644 | D:5      | Reached skill level 1 in Conjurations
   644 | D:5      | Reached XP level 6. HP: 19/45 MP: 10/13
   647 | D:5      | Learned a level 2 spell: Passwall
   651 | D:5      | Learned a level 3 spell: Stone Arrow
   716 | D:5      | Found Kiamet's Magic Scroll Shoppe.
   785 | D:6      | Noticed an ice beast
   806 | D:6      | Killed an ice beast
   829 | D:6      | Reached XP level 7. HP: 50/56 MP: 6/14
   885 | D:7      | Found a shimmering altar of Xom.
   935 | D:7      | Found Abogigi's Assorted Antiques.
   991 | D:7      | Reached XP level 8. HP: 63/63 MP: 8/15
  1060 | D:7      | Found a staircase to the Ecumenical Temple.
  1067 | Temple   | Entered the Ecumenical Temple
  1127 | Temple   | Fell from the grace of Ru
  1127 | Temple   | Became a worshipper of Sif Muna the Loreminder
  1251 | D:6      | Reached skill level 5 in Conjurations
  1338 | D:8      | Reached skill level 7 in Earth Magic
  1422 | D:8      | Noticed a hornet
  1427 | D:8      | Killed a hornet
  1428 | D:8      | Gained mutation: You passively map the area around you.
                  | [Meteoran growth]
  1428 | D:8      | Reached XP level 9. HP: 53/71 MP: 6/16
  1428 | D:8      | Found an iron altar of Okawaru.
  1500 | D:8      | Noticed Pikel
  1517 | D:8      | Killed Pikel
  1518 | D:8      | Reached skill level 5 in Fighting
  1518 | D:8      | Reached skill level 5 in Dodging
  1518 | D:8      | Reached skill level 8 in Earth Magic
  1547 | D:9      | Learned a level 4 spell: Petrify
  1570 | D:9      | Reached skill level 5 in Transmutations
  1597 | D:9      | HP: 3/74 [water moccasin (9)]
  1600 | D:9      | Gained mutation: Your flesh is heat resistant. (rF+)
                  | [potion of mutation]
  1600 | D:9      | Succumbed to a water moccasin's poison

Illustrated notes

Levels and vault maps discovered:
D:1:      noname_arrival_rooms_in_the_neighbourhood, layout_basic,
          nicolae_hexahallways
D:2:      layout_basic, basic_ecumenical_altar
D:3:      layout_loops_cross, beargit_hepliaklqana_dungeon_heroes,
          nicolae_elevator_lobby_asterisk, uniq_ijyb, uniq_robin
D:4:      layout_gridville, nicolae_ru_path_of_blood,
          nicolae_yredelemnul_ghost_church, serial_bayou, serial_bayou_shore_a,
          serial_bayou_ford_a, serial_bayou_pond_e, serial_bayou_pond_c,
          serial_bayou_pond_c, serial_bayou_lake_a
D:5:      layout_gridville, serial_shops, shop, nicolae_shop_gaudy_bauble,
          nicolae_square_shop
D:6:      layout_gridville, uniq_crazy_yiuf_cottage
D:7:      layout_rooms, mainiacjoe_overflow_six_doors_small,
          minmay_temple_entry_waves, serial_shops, shop
D:8:      layout_loops_ring, mainiacjoe_overflow_concentric_impassable,
          uniq_grum, uniq_pikel
D:9:      layout_roguey, kennysheep_mini, nicolae_overflow_crystal_walls,
          mainiacjoe_overflow_two_lobes
Temple:   oiseaux_autumnal_temple

Skill      XL: |  1  2  3  4  5  6  7  8  9 |
---------------+----------------------------+-----
Spellcasting   | 3 4 |  4.0
Earth Magic    | 4 5 6 7 8 |  8.0
Stealth        | 2 |  2.0
Conjurations   | 1 3 4 6 |  6.0
Fighting       | 2 3 4 6 |  6.0
Dodging        | 4 5 |  5.7
Transmutations | 3 5 |  5.0

Action                     |  1- 3 |  4- 6 |  7- 9 || total
---------------------------+-------+-------+-------++-------
  Melee: Unarmed           |     3 |       |       ||     3
         Dagger            |       |       |     1 ||     1
   Fire: Sling             |       |       |     3 ||     3
   Cast: Sandblast         |    36 |    22 |    71 ||   129
         Stone Arrow       |       |     3 |    27 ||    30
    Use: Scroll            |       |     2 |     1 ||     3
         Potion            |       |       |     5 ||     5
 Armour: Robe              |     5 |       |     9 ||    14
  Dodge: Dodged            |     8 |    13 |    24 ||    45
